cohdb
Replays
Latest Replays
All Replays
Popular Replays
Top Player Replays
Match Explorer
How It Works
Community
CoH3 Stats
Reddit
Sign in to upload your games and track your stats! →
Sign in with Steam
Match 42031581
Unlisted
Match 42031581
Overview
Messages
Build Orders
End
Panzergrenadier Squad
250 Light Carrier
Selects Italian Infantry
Panzergrenadier Squad
Construct Light Support Kompanie
2.5-tonne Medical Truck
MG34 Team
Selects Guastatori Squad
Guastatori Squad
Selects Registered Artillery
homig
kerem
sunsetistaken
[Ⓥ] Haisen
villamillos777
bt512
SickProphet
Rob
0
0
Comments
sign in to comment!
No comments posted yet!